giann, lawful female dwarven Valkyrie --- -------- ---.----- --- --..--..| |....|.[-- --.--- ----- |.....^.---........-- |....----.|.| --................... |.....--....-- ----................ ---............| ---- |.............*.. ---...--.---.....--- --..--- --................ |.....|--- |.......| --.....| |................. |.--.-- ----....-- --- .......-- |-............... ------ |.....| ---.----- -.-....%---.-................. ---.|..-- |.......-- --- .............---............. --- --- |...|--- |........---.---.-....--....| --............--.-----.--- ---.--- ----.....*|...|.....-----.--- -....%...--....d.d--....-----------...| |................ ..%.......*........G...ddd@........--.|.--..--- |..........<.%.....^.......................d.----..--...........| -...........%.....- --..|.. -(...--.Gd-- |...............-- ...--.... |..| |.......--- |...............| .-----.. |..| --.--..-- --.....--.|.----- --.| ------- ---..------- --- ---- giann the Fighter Experience level: 6 Strength: 18/01 Dexterity: 15 Constitution: 17 Intelligence: 9 Wisdom: 8 Charisma: 7 Health: 0(60) Energy: 7(7) Def: 8 Gold: 102 Moves: 3275 Dungeon seed: Z17KFLyu6eoW9482 Game ID: giann_1506266934 Your Inventory: Coins $ - 102 gold pieces Amulets g - an uncursed amulet of ESP (being worn) Weapons a - a cursed very rusty corroded +1 long sword (weapon in hand) b - a +0 dagger Armor q - an uncursed +0 pair of water walking boots (being worn) r - an uncursed +1 bronze plate mail (being worn) Comestibles c - 2 uncursed food rations j - an uncursed food ration l - an uncursed tripe ration u - an uncursed tripe ration B - an uncursed slime mold Potions p - a blessed potion of hallucination t - an uncursed potion of fruit juice A - an uncursed potion of gain ability Wands h - a blessed wand of create monster (0:3) Tools d - an uncursed oil lamp (0:1424) m - an uncursed oil lamp (0:1398) s - an uncursed tin opener Gems n - an uncursed worthless piece of blue glass Spells and supernatural/magical abilities: Name Level Category Fail Memory W - pray for help -- divine ? -- Your skills at the end: Fighting Skills wands [Basic] Weapon Skills dagger [Basic] long sword [Basic] Spellcasting Skills Final Attributes: You were piously aligned. You were cold resistant. You saw invisible. You were telepathic. You had infravision. You were stealthy. You could walk on water. You were a werewolf. You are dead. Vanquished creatures: 3 small mimics an imp a yellow light a straw golem 6 giant ants 2 little dogs 2 rothes a centipede a giant bat a werejackal 3 iguanas 2 acid blobs a coyote a gas spore 5 giant rats a cave spider a green mold 8 gnomes 5 geckos 7 jackals 2 foxes 2 kobolds a goblin a sewer rat 9 grid bugs 3 lichens 2 kobold zombies 4 newts 77 creatures vanquished. Voluntary challenges: You were an atheist. You used a wielded weapon 99 times, starting on turn 32. You were illiterate. You never genocided any monsters. You never polymorphed an object. You never changed form. You used no wishes. You never split a pudding. You never wrote Elbereth's name. You violated your moral code, losing 23 points of alignment, starting on turn 2618. Dungeon overview: The Dungeons of Doom: levels 1 to 3 Level 1 a fountain a long staircase Level 2 a general store, a fountain Level 3 a vault stairs to The Gnomish Mines The Gnomish Mines: levels 4 to 7 Level 4 stairs to The Dungeons of Doom Level 5 Level 6 many shops, a temple to Loki, some fountains Level 7 <- You were here History has recorded: On T:1 you entered the Dungeons of Doom to retrieve the Amulet of Yendor! On T:360 you advanced to experience level 2. On T:498 you reached level 2 of The Dungeons of Doom. On T:726 you advanced to experience level 3. On T:777 you advanced to experience level 4. On T:1049 you reached level 3 of The Dungeons of Doom. On T:1496 you reached level 1 of The Gnomish Mines. On T:1584 you advanced to experience level 5. On T:2026 you reached level 2 of The Gnomish Mines. On T:2049 you reached level 3 of The Gnomish Mines. On T:2672 you reached level 4 of The Gnomish Mines. On T:2728 you advanced to experience level 6. Score breakdown: Gold: 102 ( 6846 points) Experience: 6 levels (12456 points) Exploration: 7 levels ( 14.29%) (10606 points) Discoveries: 6 items ( 2.41%) ( 4656 points) Valuables value: (no points given unless you survive) Artifact value: 0 ( 0 points) Variety of kills: 28 monsters ( 7.31%) ( 8111 points) Turncount: 3275 turns ( -729 points) Survival: died (score multiplied by 80%) Total score: 33556 Latest messages: You feel a bit steadier now. You suddenly vomit! You're done throwing up. You hear a wolf howling at the moon. A gnome blocks your way. (2x) The gnome grunts. (2x) The werewolf changes into a wolf. The werewolf hits! You hit the werewolf! The werewolf bites! You hit the werewolf! The werewolf bites! You hit the werewolf! The werewolf bites! You feel feverish. You hit the werewolf! The werewolf bites! The dingo bites! (2x) You miss the werewolf. The werewolf summons help! The werewolf bites! The dingo misses. You miss the werewolf. The werewolf bites! You die... Final status: Farvel giann the Valkyrie, killed by a werewolf... You died in The Gnomish Mines on dungeon level 7 with 33556 points, and 102 pieces of gold, after 3275 moves. You were level 6 with a maximum of 60 hit points when you died.